 Dungeon Crawl Stone Soup version 0.29.0-4-gdea44cf6ec (webtiles) character file.

Game seed: 17849030155595168621

500 qw the Ruffian (level 7, -4/57 HPs)
             Began as a Ghoul Fire Elementalist on Aug 30, 2022.
             Slain by an ogre
             ... wielding a +0 giant spiked club
              (13 damage)
             ... on level 4 of the Dungeon.
             The game lasted 00:03:26 (3491 turns).

qw the Ruffian (Ghoul Fire Elementalist)            Turns: 3491, Time: 00:03:26

Health: -4/57      AC:  6    Str: 14    XL:     7   Next: 16%
Magic:  8/8        EV: 10    Int: 10    God:
Gold:   116        SH:  0    Dex:  9    Spells: 8/9 levels left

rFire   . . .      SeeInvis .     - Unarmed
rCold   + . .      Faith    .   (no shield)
rNeg    + + +      Spirit   .   d - +0 ring mail
rPois   inf        Reflect  .   e - +0 helmet
rElec   .          Harm     .   (no cloak)
rCorr   .          Rampage  .   (no gloves)
Will    .....                   (no boots)
Stlth   +.........              c - amulet of regeneration
HPRegen 0.00/turn               (no ring)
MPRegen 0.11/turn               (no ring)

@: inhibited regen
A: claws 1, cold resistance 1, negative energy resistance 3, inhibited
regeneration, torment resistance 2, devour on kill
a: no special abilities


You were on level 4 of the Dungeon.
You visited 1 branch of the dungeon, and saw 4 of its levels.

You collected 198 gold pieces.
You spent 82 gold pieces at shops.


Innate Abilities, Weirdness & Mutations

You are immune to poison.
You have sharp fingernails.
Your flesh is cold resistant. (rC+)
You are immune to negative energy. (rN+++)
You do not regenerate when monsters are visible.
You are immune to unholy pain and torment.
You thrive by killing the living.


   Skills:
 - Level 3.2 Fighting
 + Level 0.3 Armour
 - Level 1.7 Dodging
 - Level 2.1 Stealth
 - Level 7.0 Unarmed Combat
 - Level 1.7 Spellcasting
 - Level 0.7 Conjurations
 - Level 2.4 Fire Magic


You had 8 spell levels left.
You knew the following spells:

 Your Spells              Type           Power      Damage    Failure   Level
a - Foxfire               Conj/Fire      16%        2x1d4     34%         1

Your spell library contained the following spells:

 Spells                   Type           Power      Damage    Failure   Level
 Scorch                   Fire           10%        2d5       36%         2
 Conjure Flame            Conj/Fire      4%         6-21      71%         3
 Inner Flame              Hex/Fire       3%         N/A       77%         3
 Flame Wave               Conj/Fire      4%         2d5       98%         4

Inventory:

Missiles
 b - 2 boomerangs (quivered)
Armour
 d - a +0 ring mail (worn)
 e - a +0 helmet (worn)
 i - a +0 scale mail
 k - a +0 plate armour
Jewellery
 c - an amulet of regeneration (around neck)
Scrolls
 a - 2 scrolls of identify
 j - a scroll of enchant weapon
Potions
 f - a potion of haste
 g - a potion of lignification {unknown}
 h - a potion of brilliance {unknown}

Dungeon Overview and Level Annotations

Branches:
Dungeon (4/15)
 Temple: D:4-7

Altars:
Uskayaw
Xom

Shops:
D:1 :   D:4 *

Annotations:
D:3 1 runed translucent door
D:4 1 runed translucent door, Crazy Yiuf


Message History

3475 ||| Stepping ~*~*~tactically~*~*~ (stealth).
An adder comes into view.
The adder hisses angrily.
Throw: 2 boomerangs
Press: ? - help, Q - select action Shift-Dir - straight line, f - adder You throw a boomerang.
The boomerang closely misses the adder.
Throw: 2 boomerangs
Press: ? - help, Q - select action Shift-Dir - straight line, f/p - adder You throw a boomerang.
The boomerang misses the adder.
You claw the adder!
You kill the adder!
An ogre is nearby!
Throw: 2 boomerangs
Press: ? - help, Q - select action Shift-Dir - straight line, f - ogre You throw a boomerang.
The boomerang hits the ogre.
The ogre is lightly wounded.
Throw: 2 boomerangs
Press: ? - help, Q - select action Shift-Dir - straight line, f/p - ogre You throw a boomerang.
The boomerang barely misses the ogre.
Throw: 2 boomerangs
Press: ? - help, Q - select action Shift-Dir - straight line, f/p - ogre You throw a boomerang.
The boomerang barely misses the ogre.
Throw: 2 boomerangs
Press: ? - help, Q - select action Shift-Dir - straight line, f/p - ogre You throw a boomerang.
The boomerang hits the ogre.
The ogre is moderately wounded.
You scratch the ogre.
The ogre is moderately wounded.
The ogre hits you with a +0 giant spiked club!!
You scratch the ogre but do no damage.
The ogre is moderately wounded.
You scratch the ogre but do no damage.
The ogre is moderately wounded.
The ogre hits you with a +0 giant spiked club!!
You scratch the ogre but do no damage.
The ogre is moderately wounded.
You scratch the ogre.
The ogre is moderately wounded.
The ogre hits you with a +0 giant spiked club!
You die...

########## #
##.....#..#
##.#.........##
#.....#...#...##
#....@##.##....####
#....O###..###.....####
#...... ##.# ##......##
##..... .. #......#.
#..... ..# #..#.....
##.... ... #....#...
..... O......###...
...... ...........
.........##.


You could see an ogre.

Vanquished Creatures
  Sigmund (D:2)
  An ogre (D:4)
  The ghost of qw the Chopper, an amateur TeWr (D:3)
  A bullfrog (D:3)
  An iguana (D:4)
  A gnoll (D:1)
  3 adders
  A worm (D:3)
  6 orcs
  6 endoplasms
  4 giant cockroaches
  8 goblins
  5 hobgoblins
  4 jackals (D:1)
  8 kobolds
  3 quokkas
  A ball python (D:4)
  3 bats
  2 frilled lizards
  6 rats
66 creatures vanquished.

Notes
Turn   | Place    | Note
-------+----------+-------------------------------------------
     0 | D:1      | qw the Ghoul Fire Elementalist began the quest for the Orb.
     0 | D:1      | Reached XP level 1. HP: 14/14 MP: 2/2
     0 | D:1      | 0 ||| qw: Version: 0.1-a-90-g952f4b7
     0 | D:1      | 0 ||| qw: Game counter: 4314
     0 | D:1      | 0 ||| qw: Always use a shield: true
     0 | D:1      | 0 ||| qw: God list: Okawaru
     0 | D:1      | 0 ||| qw: Allow faded altars: false
     0 | D:1      | 0 ||| qw: Do Orc after D:15 true
     0 | D:1      | 0 ||| qw: Do second Lair branch before Depths: true
     0 | D:1      | 0 ||| qw: Lair rune preference: random
     0 | D:1      | 0 ||| qw: Plans: Normal
     0 | D:1      | 0 ||| PLANNING D:1-11
    11 | D:1      | 11 ||| Stepping ~*~*~tactically~*~*~ (stealth).
    14 | D:1      | 14 ||| Stepping ~*~*~tactically~*~*~ (stealth).
    29 | D:1      | Reached skill level 1 in Unarmed Combat
   169 | D:1      | Reached XP level 2. HP: 15/22 MP: 3/3
   299 | D:1      | Reached skill level 1 in Fighting
   468 | D:1      | 468 ||| Stepping ~*~*~tactically~*~*~ (stealth).
   476 | D:1      | 476 ||| Stepping ~*~*~tactically~*~*~ (outnumbered).
   477 | D:1      | 477 ||| Stepping ~*~*~tactically~*~*~ (outnumbered).
   478 | D:1      | 478 ||| Stepping ~*~*~tactically~*~*~ (outnumbered).
   479 | D:1      | 479 ||| Stepping ~*~*~tactically~*~*~ (outnumbered).
   480 | D:1      | 480 ||| Stepping ~*~*~tactically~*~*~ (outnumbered).
   481 | D:1      | 481 ||| Stepping ~*~*~tactically~*~*~ (outnumbered).
   485 | D:1      | HP: 5/23 [gnoll/+0 club (7)]
   488 | D:1      | HP: 1/23 [gnoll/+0 club (4)]
   490 | D:1      | Reached skill level 2 in Unarmed Combat
   490 | D:1      | Reached XP level 3. HP: 3/28 MP: 4/4
  1069 | D:1      | 1069 ||| Stepping ~*~*~tactically~*~*~ (stealth).
  1070 | D:1      | 1070 ||| Stepping ~*~*~tactically~*~*~ (stealth).
  1100 | D:1      | 1100 ||| Stepping ~*~*~tactically~*~*~ (stealth).
  1102 | D:1      | 1102 ||| Stepping ~*~*~tactically~*~*~ (stealth).
  1104 | D:1      | 1104 ||| Stepping ~*~*~tactically~*~*~ (stealth).
  1106 | D:1      | 1106 ||| Stepping ~*~*~tactically~*~*~ (stealth).
  1108 | D:1      | 1108 ||| Stepping ~*~*~tactically~*~*~ (stealth).
  1110 | D:1      | 1110 ||| Stepping ~*~*~tactically~*~*~ (stealth).
  1112 | D:1      | 1112 ||| Stepping ~*~*~tactically~*~*~ (stealth).
  1113 | D:1      | 1113 ||| Stepping ~*~*~tactically~*~*~ (stealth).
  1115 | D:1      | 1115 ||| Stepping ~*~*~tactically~*~*~ (stealth).
  1117 | D:1      | 1117 ||| Stepping ~*~*~tactically~*~*~ (stealth).
  1120 | D:1      | 1120 ||| Stepping ~*~*~tactically~*~*~ (stealth).
  1121 | D:1      | 1121 ||| Stepping ~*~*~tactically~*~*~ (stealth).
  1123 | D:1      | 1123 ||| Stepping ~*~*~tactically~*~*~ (stealth).
  1126 | D:1      | 1126 ||| Stepping ~*~*~tactically~*~*~ (stealth).
  1221 | D:1      | Found Feingyt's Book Shoppe.
  1335 | D:1      | 1335 ||| UPGRADING to +0 helmet.
  1340 | D:1      | 1340 ||| READING scroll labelled JYAZXU ZETZOQ.
  1341 | D:1      | 1341 ||| READING scroll labelled TEPONKAZER.
  1342 | D:1      | 1342 ||| READING 2 scrolls labelled XULLIBY YNEVVIJI.
  1347 | D:1      | 1347 ||| DROPPING potion of magic.
  1379 | D:2      | Found a shimmering altar of Xom.
  1824 | D:2      | Reached skill level 3 in Unarmed Combat
  1984 | D:2      | Noticed Sigmund
  1985 | D:2      | 1985 ||| Stepping ~*~*~tactically~*~*~ (hiding).
  2003 | D:2      | Killed Sigmund
  2004 | D:2      | Reached skill level 5 in Unarmed Combat
  2004 | D:2      | Reached XP level 4. HP: 25/35 MP: 5/5
  2004 | D:2      | Reached XP level 5. HP: 29/40 MP: 6/6
  2147 | D:2      | 2147 ||| UPGRADING to amulet of regeneration.
  2152 | D:2      | 2152 ||| DROPPING +6 ring of intelligence.
  2153 | D:2      | 2153 ||| READING scroll labelled DANYDIOBOA.
  2154 | D:2      | 2154 ||| READING scroll labelled JIWOBEBATZ.
  2155 | D:2      | 2155 ||| READING scroll labelled JOEXTOUMEI.
  2183 | D:3      | Found a runed translucent door.
  2184 | D:3      | Noticed qw's ghost (amateur TeWr)
  2216 | D:3      | Found a runed translucent door.
  2217 | D:3      | 2217 ||| Stepping ~*~*~tactically~*~*~ (stealth).
  2423 | D:3      | 2423 ||| UPGRADING to +0 ring mail.
  2433 | D:3      | 2433 ||| DROPPING +0 robe.
  2434 | D:3      | 2434 ||| READING scroll labelled BUNANT EGAPE.
  2435 | D:3      | 2435 ||| READING scroll labelled MAREKH IBBU.
  2437 | D:3      | 2437 ||| READING scroll labelled FUWESU MINK.
  2438 | D:3      | 2438 ||| READING 2 scrolls of teleportation.
  2465 | D:3      | Found a hide-covered altar of Uskayaw.
  2506 | D:3      | 2506 ||| Stepping ~*~*~tactically~*~*~ (water).
  2618 | D:3      | Found a faded altar of an unknown god.
  2785 | D:3      | Found a shimmering altar of Xom.
  2876 | D:3      | 2876 ||| READING scroll labelled NYMEQUPNUP.
  2877 | D:3      | 2877 ||| READING scroll of teleportation.
  2937 | D:3      | 2937 ||| Stepping randomly (stuck).
  2939 | D:3      | 2939 ||| Stepping randomly (stuck).
  2940 | D:3      | 2940 ||| Stepping randomly (stuck).
  2941 | D:3      | 2941 ||| Stepping randomly (stuck).
  2942 | D:3      | 2942 ||| Stepping randomly (stuck).
  2943 | D:3      | 2943 ||| Stepping randomly (stuck).
  2967 | D:3      | 2967 ||| Stepping randomly (stuck).
  2974 | D:3      | 2974 ||| READING 2 scrolls of identify.
  2974 | D:3      | 2974 ||| IDENTIFYING puce potion
  2975 | D:3      | 2975 ||| Stepping randomly (stuck).
  2977 | D:3      | 2977 ||| Stepping randomly (stuck).
  2988 | D:3      | 2988 ||| Stepping randomly (stuck).
  2990 | D:3      | 2990 ||| Stepping randomly (stuck).
  2996 | D:3      | 2996 ||| Stepping randomly (stuck).
  2998 | D:3      | 2998 ||| Stepping randomly (stuck).
  3000 | D:3      | 3000 ||| Stepping randomly (stuck).
  3001 | D:3      | 3001 ||| Stepping randomly (stuck).
  3018 | D:3      | Reached XP level 6. HP: 48/48 MP: 7/7
  3109 | D:3      | 3109 ||| Stepping randomly (stuck).
  3118 | D:3      | Reached skill level 6 in Unarmed Combat
  3145 | D:3      | HP: 8/48 [qw's ghost (6)]
  3152 | D:3      | Killed qw's ghost
  3153 | D:3      | Reached skill level 3 in Fighting
  3154 | D:3      | 3154 ||| FLEEEEING.
  3155 | D:3      | 3155 ||| FLEEEEING.
  3156 | D:3      | 3156 ||| STAIRDANCE
  3215 | D:3      | 3215 ||| READING scroll labelled UBEDUJIROR.
  3252 | D:4      | 3252 ||| STAIRDANCE
  3257 | D:4      | 3257 ||| STAIRDANCE
  3275 | D:4      | 3275 ||| Stepping ~*~*~tactically~*~*~ (stealth).
  3278 | D:4      | 3278 ||| Stepping ~*~*~tactically~*~*~ (hiding).
  3283 | D:4      | 3283 ||| Stepping ~*~*~tactically~*~*~ (stealth).
  3284 | D:4      | 3284 ||| Stepping ~*~*~tactically~*~*~ (hiding).
  3288 | D:4      | 3288 ||| Stepping ~*~*~tactically~*~*~ (outnumbered).
  3292 | D:4      | Reached XP level 7. HP: 51/57 MP: 8/8
  3376 | D:4      | Found Gicve's General Store.
  3388 | D:4      | 3388 ||| SHOPLISTING ring of willpower (275 gold, have
                  | 191).
  3388 | D:4      | 3388 ||| BUYING scroll of enchant weapon (82 gold).
  3388 | D:4      | Bought a scroll of enchant weapon for 82 gold pieces
  3388 | D:4      | 3388 ||| Stepping ~*~*~tactically~*~*~ (stealth).
  3405 | D:4      | Found a runed translucent door.
  3406 | D:4      | Noticed Crazy Yiuf
  3441 | D:4      | Reached skill level 7 in Unarmed Combat
  3475 | D:4      | 3475 ||| Stepping ~*~*~tactically~*~*~ (stealth).
  3489 | D:4      | HP: 9/57 [ogre/+0 giant spiked club (26)]
  3491 | D:4      | Slain by an ogre

Levels and vault maps discovered:
D:1:      pf_arrival_petrified_forest, layout_rooms, serial_shops, shop,
          minmay_misc_feat_nine_boxes, due_unseen_surprise
D:2:      layout_loops_cross, basic_altar, uniq_sigmund
D:3:      wander_river, layout_loops_ring, mainiacjoe_overflow_surrounded_room,
          nicolae_uskayaw_suspiria, dilly_ecumenical_altar_fadedgnrine,
          ebering_ghost_sewer_f, minmay_puff
D:4:      layout_cave_pools, serial_shops, shop, chequers_jeans,
          chequers_serial_rivers_room_b, uniq_crazy_yiuf_cottage

Skill      XL: |  1  2  3  4  5  6  7 |
---------------+----------------------+-----
Unarmed Combat | 1 2 5 6 7 |  7.0
Fighting       | 1 2 3 |  3.2
Armour         | |  0.3
Dodging        | |  1.7
Stealth        | |  2.1
Spellcasting   | |  1.7
Conjurations   | |  0.7
Fire Magic     | |  2.4

Action                   |  1- 3 |  4- 6 |  7- 9 || total
-------------------------+-------+-------+-------++-------
Melee: Unarmed           |   127 |   112 |    19 ||   258
       Punch             |       |     4 |       ||     4
Throw: Boomerang         |       |       |    15 ||    15
  Use: Scroll            |     3 |    11 |       ||    14
Armor: Robe              |    16 |     8 |       ||    24
       Ring mail         |       |    18 |     1 ||    19
Dodge: Dodged            |    69 |    50 |     6 ||   125

Table legend:
 A = Non-vault XP
 B = Vault XP
 C = Vault XP percentage of total XP
 D = Non-vault monster count
 E = Vault monster count
 F = Vault count percentage of total count
                 A         B        C        D         E       F
            +---------+---------+-------+---------+---------+-------
      Total |     284 |     431 |  60.3 |      55 |      11 |  16.7
            +---------+---------+-------+---------+---------+-------
        D:1 |      48 |       0 |   0.0 |      22 |       0 |   0.0
        D:2 |      17 |     214 |  92.6 |      10 |       1 |   9.1
        D:3 |      37 |     217 |  85.4 |      12 |      10 |  45.5
        D:4 |     182 |       0 |   0.0 |      11 |       0 |   0.0
            +---------+---------+-------+---------+---------+-------
